 Dungeon Crawl Stone Soup version 0.29.0-5-ge4962eb29e (webtiles) character file.

Game seed: 16607178523656619377

538 nickcage the Spear-Bearer (level 7, -6/50 HPs)
             Began as a Merfolk Gladiator on Aug 29, 2022.
             Mangled by a wyvern zombie (8 damage)
             ... in an ossuary.
             The game lasted 00:05:28 (3138 turns).

nickcage the Spear-Bearer (Merfolk Gladiator)       Turns: 3138, Time: 00:05:29

Health: -6/50      AC:  8    Str: 16    XL:     7   Next: 26%
Magic:  7/7        EV: 11    Int:  8    God:
Gold:   201        SH:  0    Dex: 15    Spells: 6/6 levels left

rFire   + . .      SeeInvis .   a - +0 trident
rCold   + . .      Faith    .   (no shield)
rNeg    . . .      Spirit   .   s - +0 scale mail
rPois   +          Reflect  .   c - +0 helmet
rElec   +          Harm     .   (no cloak)
rCorr   +          Rampage  .   q - +0 pair of gloves
Will    .....                   (no boots)
Stlth   ..........              (no amulet)
HPRegen 0.16/turn               (no ring)
MPRegen 0.10/turn               (no ring)

@: resistant
A: (nimble swimmer 2), mertail
a: no special abilities


You were in an ossuary.
You visited 1 branch of the dungeon, and saw 4 of its levels.
You also visited: Ossuary.

You collected 201 gold pieces.

Inventory:

Hand Weapons
 a - a +0 trident (weapon)
Missiles
 d - 3 throwing nets
 e - 12 javelins (quivered)
 i - 2 boomerangs
Armour
 b - a +0 leather armour
 c - a +0 helmet (worn)
 q - a +0 pair of gloves (worn)
 r - a +0 ring mail
 s - a +0 scale mail (worn)
Jewellery
 h - a ring of wizardry
Wands
 o - a wand of flame (21)
 v - a wand of polymorph (2)
Scrolls
 f - a scroll of poison {unknown}
 l - 4 scrolls of identify {unknown}
 m - 2 scrolls of noise {unknown}
 n - 2 scrolls of silence {unknown}
 t - a scroll of amnesia {unknown}
 u - a scroll of butterflies {unknown}
Potions
 g - a potion of resistance
 j - 2 potions of brilliance {unknown}
 k - a potion of heal wounds {unknown}
 p - a potion of haste


   Skills:
 - Level 2.1 Fighting
 + Level 10.6 Polearms
 - Level 2.0 Throwing
 - Level 4.0 Dodging


You had 6 spell levels left.
You didn't know any spells.
Your spell library contained the following spells:

 Spells                   Type           Power      Damage    Failure   Level
 Blink                    Tloc           0%         N/A       94%         2
 Lesser Beckoning         Tloc           0%         N/A       99%         3
 Manifold Assault         Tloc           0%         N/A       100%        5


Dungeon Overview and Level Annotations

Branches:
Dungeon (4/15)            Ossuary (1/1)
 Temple: D:4-7

Altars:
Cheibriados
Fedhas
Gozag
Nemelex Xobeh
Okawaru


Innate Abilities, Weirdness & Mutations

((You are very nimble when in or above water. (Stealth+, EV+, Speed+++)))
Your lower body shifts to a powerful aquatic tail in water.


Message History

The howler monkey zombie hits you but does no damage.
You hit the howler monkey zombie but do no damage.
The howler monkey zombie is heavily damaged.
A wyvern zombie comes into view.
The howler monkey zombie hits you but does no damage.
You puncture the howler monkey zombie!
The howler monkey zombie is severely damaged.
The howler monkey zombie barely misses you.
You hit the howler monkey zombie.
The howler monkey zombie is almost destroyed.
You hit the howler monkey zombie but do no damage.
The howler monkey zombie is almost destroyed.
The howler monkey zombie hits you but does no damage.
You puncture the howler monkey zombie!
You destroy the howler monkey zombie!
You hit the wyvern zombie.
The wyvern zombie is lightly damaged.
The wyvern zombie bites you.
* * * LOW HITPOINT WARNING * * *
You puncture the wyvern zombie!
The wyvern zombie is moderately damaged.
The wyvern zombie bites you but does no damage.
You completely miss the wyvern zombie.
The wyvern zombie is moderately damaged.
The wyvern zombie bites you but does no damage.
You hit the wyvern zombie.
The wyvern zombie is moderately damaged.
The wyvern zombie bites you!
* * * LOW HITPOINT WARNING * * *
You hit the wyvern zombie.
The wyvern zombie is moderately damaged.
The wyvern zombie bites you but does no damage.
You hit the wyvern zombie.
The wyvern zombie is moderately damaged.
The wyvern zombie bites you.
* * * LOW HITPOINT WARNING * * *
It was a potion of resistance.
You feel protected. The wyvern zombie bites you!
You die...

### ##≈≈# ##
≈≈#≈# ##≈
#≈~~≈# ~P
P~M~P#
#+#~#~~.~~#Z
+.~~~~~~.~M~
##Z## #..@#
#.∩.# #..∩#
#####


You could see a wyvern zombie.

Vanquished Creatures
  An ogre (D:4)
  2 bullfrog zombies (Ossuary)
  A hound (D:4)
  5 mummies (Ossuary)
  Natasha (thrice) (D:2)
  A killer bee zombie (Ossuary)
  A howler monkey zombie (Ossuary)
  7 gnolls
  2 adders
  3 worms
  2 dart slugs
  6 ball pythons
  7 endoplasms
  A giant cockroach (D:2)
  5 goblins
  A hobgoblin (D:2)
  2 quokkas
  5 bats
  A frilled lizard (D:1)
  2 kobolds
  A quokka zombie (D:4)
  4 rats
  A rat zombie (D:4)
64 creatures vanquished.

Vanquished Creatures (others)
  A withered plant (Ossuary)
1 creature vanquished.

Grand Total: 65 creatures vanquished

Notes
Turn   | Place    | Note
-------+----------+-------------------------------------------
     0 | D:1      | nickcage the Merfolk Gladiator began the quest for the Orb.
     0 | D:1      | Reached XP level 1. HP: 16/16 MP: 1/1
    31 | D:1      | Found a faded altar of an unknown god.
   234 | D:1      | Reached XP level 2. HP: 22/22 MP: 2/2
   702 | D:2      | Reached skill level 5 in Polearms
   754 | D:2      | Noticed Natasha
   761 | D:2      | Killed Natasha
   762 | D:2      | Reached skill level 6 in Polearms
   762 | D:2      | Reached XP level 3. HP: 18/27 MP: 3/3
  1038 | D:2      | Noticed Natasha
  1045 | D:2      | Killed Natasha
  1046 | D:2      | Reached XP level 4. HP: 32/33 MP: 4/4
  1286 | D:2      | Reached skill level 7 in Polearms
  1289 | D:2      | Reached XP level 5. HP: 38/38 MP: 5/5
  1401 | D:2      | Noticed Natasha
  1410 | D:2      | Killed Natasha
  1890 | D:2      | Reached skill level 8 in Polearms
  2331 | D:3      | Found a sparkling altar of Nemelex Xobeh.
  2335 | D:3      | Found an iron altar of Okawaru.
  2344 | D:3      | Found a blossoming altar of Fedhas.
  2349 | D:3      | Found a snail-covered altar of Cheibriados.
  2797 | D:4      | Found an opulent altar of Gozag.
  2930 | D:4      | Noticed an ogre
  2937 | D:4      | Killed an ogre
  2938 | D:4      | Reached skill level 9 in Polearms
  2938 | D:4      | Reached XP level 6. HP: 44/44 MP: 6/6
  3029 | D:4      | Found a sand-covered staircase.
  3051 | Ossuary  | Entered an ossuary
  3080 | Ossuary  | Reached skill level 10 in Polearms
  3087 | Ossuary  | Reached XP level 7. HP: 19/50 MP: 7/7
  3137 | Ossuary  | HP: 2/50 [wyvern zombie (1)]
  3138 | Ossuary  | Mangled by a wyvern zombie

Illustrated notes

Levels and vault maps discovered:
D:1:      enne_arrival_octagon_isle, layout_basic,
          hellmonk_ecumenical_altar_blasted
D:2:      layout_loops_ring, uniq_natasha
D:3:      layout_basic, minitemple
D:4:      layout_cave_pools, nicolae_overflow_hidden_temple, enter_ossuary_4
Ossuary:  ossuary_zaba_flooded

Skill      XL: |  1  2  3  4  5  6 |
---------------+-------------------+-----
Polearms       | 6 7 9 10 | 10.6
Fighting       | |  2.1
Throwing       | |  2.0
Dodging        | |  4.0

Action                   |  1- 3 |  4- 6 |  7- 9 || total
-------------------------+-------+-------+-------++-------
Melee: Trident           |    47 |   161 |    40 ||   248
       Punch             |       |     1 |       ||     1
Throw: Javelin           |     1 |     8 |       ||     9
  Use: Potion            |       |       |     1 ||     1
 Stab: Sleeping          |     1 |     1 |       ||     2
       Distracted        |       |       |     1 ||     1
Armor: Leather armour    |    11 |    20 |       ||    31
       Scale mail        |       |    19 |    11 ||    30
Dodge: Dodged            |    30 |    60 |     5 ||    95
